 Dungeon Crawl Stone Soup version 0.25.0-15-gac7dcb8919 (webtiles) character file.

Game seed: 7567530477112078088

231 nojaa the Magician (level 6, -3/28 HPs)
             Began as a Kobold Venom Mage on June 28, 2020.
             Was a Follower of Hepliaklqana.
             Slain by Edmund
             ... wielding a +2 flail of protection
              (7 damage)
             ... on level 6 of the Dungeon.
             The game lasted 00:25:59 (3309 turns).

nojaa the Magician (Kobold Venom Mage)              Turns: 3309, Time: 00:26:01

Health: -3/28      AC:  3    Str:  5    XL:     6   Next: 24%
Magic:  11/11      EV: 15    Int: 18    God:    Hepliaklqana [*.....]
Gold:   177        SH:  0    Dex: 16    Spells: 3/12 levels left

rFire    + . .     SeeInvis .   b - +4 dagger (elec)
rCold    x . .     Gourm    .   (shield restricted)
rNeg     . . .     Faith    .   a - +0 robe
rPois    .         Spirit   .   i - +0 helmet
rElec    .         Reflect  .   (no cloak)
rCorr    .         Harm     .   (no gloves)
MR       .....                  (no boots)
Stlth    ++........             (no amulet)
HPRegen  0.09/turn              e - ring of fire
MPRegen  0.12/turn              (no ring)

@: about to teleport
A: small, reduced essence, carnivore
a: Recall Ancestor, Ancestor Identity, Renounce Religion


You were on level 6 of the Dungeon.
You worshipped Hepliaklqana.
Hepliaklqana was aware of your devotion.
You were completely stuffed.

You visited 1 branch of the dungeon, and saw 5 of its levels.

You collected 177 gold pieces.

Inventory:

Hand Weapons
 b - a +4 dagger of electrocution (weapon)
 k - a +0 short sword of draining
Missiles
 j - 87 stones (quivered)
Armour
 a - a +0 robe (worn)
 i - a +0 helmet (worn)
Jewellery
 e - a ring of fire (left hand)
Scrolls
 f - a scroll of immolation {unknown}
 g - 2 scrolls of blinking {unknown}
 h - a scroll of magic mapping
 l - a scroll of remove curse
 p - 2 scrolls of teleportation
 q - a scroll of amnesia {unknown}
 s - a scroll of fear {unknown}
Potions
 d - 3 potions of stabbing
 m - 2 potions of haste {unknown}
 n - 3 potions of heal wounds {unknown}
 r - a potion of flight {unknown}
Comestibles
 c - 5 rations
 o - a chunk of flesh


   Skills:
 - Level 2.4 Dodging
 - Level 2.6 Stealth
 + Level 3.9 Spellcasting
 - Level 3.1 Transmutations
 * Level 3.2 Air Magic
 - Level 3.0 Poison Magic


You had 3 spell levels left.
You knew the following spells:

 Your Spells              Type           Power        Failure   Level  Hunger
a - Sting                 Tmut/Pois      ##..         4%          1    None
b - Poisonous Vapours     Pois/Air       ##....       6%          2    ##.....
c - Mephitic Cloud        Conj/Pois/Air  ##......     19%         3    ###....
d - Ignite Poison         Fire/Tmut/Pois ###.....     19%         3    ###....

Your spell library contained the following spells:

 Spells                   Type           Power        Failure   Level  Hunger
 Olgreb's Toxic Radiance  Pois           ##......     41%         4    ####...


Dungeon Overview and Level Annotations

Branches:
Dungeon (4/15)
 Temple: D:4-7

Altars:
Hepliaklqana
Xom
Zin

Annotations:
D:6 Edmund


Innate Abilities, Weirdness & Mutations

You are small and have problems with some larger weapons.
You are carnivorous and can eat meat at any time.
Your life essence is reduced to manifest your ancestor. (-10% HP)


Message History

Found a chain mail.
The centaur shouts!
You hear a shout! x3
The bullfrog hits you but does no damage.
The bullfrog barely misses you.
The centaur wields a cursed -2 shortbow.
The centaur shoots an arrow.
The arrow hits you!
You see here an arrow.
You puncture the bullfrog!
The bullfrog is moderately wounded.
The bullfrog closely misses you.
The bullfrog hits you but does no damage.
The centaur shoots an arrow.
The arrow closely misses you.
The arrow hits Edmund!
As you read the scroll of teleportation, it crumbles to dust.
You feel strangely unstable. The bullfrog closely misses you.
The bullfrog hits you.
* * * LOW HITPOINT WARNING * * *
An orc comes into view. It is wielding a +0 hand axe.
Edmund hits you with a +2 flail of protection!
You die...

+......?.+
#........#
#?.......#
#........#
##+##....#
##....#
#.....#
#@O...#
#@F..)#
#F....#
#.....#
##.c..#
#....#
#....#
.[...
.....o


You could see Edmund, an ogre, 2 bullfrogs, a centaur and an orc.

Vanquished Creatures
  A howler monkey (D:4)
  Jessica (D:2)
  Natasha (D:2)
  3 adders
  A gnoll (D:1)
  An ooze (D:2)
  A worm (D:3)
  A dart slug (D:2)
  4 leopard geckos
  A ball python (D:3)
  A giant cockroach (D:2)
  9 goblins
  3 hobgoblins
  10 jackals
  5 kobolds
  A quokka (D:2)
  8 bats
  5 frilled lizards
  6 rats
63 creatures vanquished.

Vanquished Creatures (collateral kills)
  2 adders (D:3)
  A dart slug (D:3)
  2 leopard geckos (D:3)
  A hobgoblin (D:3)
  4 jackals
  A kobold (D:3)
  A rat (D:3)
12 creatures vanquished.

Grand Total: 75 creatures vanquished

Notes
Turn   | Place    | Note
-------+----------+-------------------------------------------
     0 | D:1      | nojaa the Kobold Venom Mage began the quest for the Orb.
     0 | D:1      | Reached XP level 1. HP: 10/10 MP: 3/3
   246 | D:1      | Reached XP level 2. HP: 15/15 MP: 3/5
   255 | D:1      | Learned a level 2 spell: Poisonous Vapours
   413 | D:1      | Reached XP level 3. HP: 19/19 MP: 4/6
  1075 | D:2      | Found a glowing silver altar of Zin.
  1075 | D:2      | Found a shimmering altar of Xom.
  1075 | D:2      | Noticed an angel
  1179 | D:2      | Noticed Jessica
  1189 | D:2      | Killed Jessica
  1189 | D:2      | Reached XP level 4. HP: 24/24 MP: 4/8
  1230 | D:2      | Learned a level 3 spell: Mephitic Cloud
  1234 | D:2      | Learned a level 3 spell: Ignite Poison
  1615 | D:2      | Noticed Natasha
  1626 | D:2      | Killed Natasha
  1626 | D:2      | Reached skill level 1 in Air Magic
  1626 | D:2      | Reached XP level 5. HP: 26/28 MP: 7/9
  2115 | D:3      | Found a faded altar of an unknown god.
  2123 | D:3      | Became a worshipper of Hepliaklqana the Forgotten
  2123 | D:3      | Reached * piety under Hepliaklqana
  3165 | D:4      | Reached XP level 6. HP: 28/28 MP: 8/11
  3295 | D:4      | You fall into a shaft and drop 2 floors!
  3296 | D:6      | Noticed Edmund
  3296 | D:6      | Noticed an ogre
  3309 | D:6      | Slain by Edmund

Illustrated notes

Levels and vault maps discovered:
D:1:      eino_arrival_druids_welcome, layout_basic, minmay_misc_feat_room,
          minmay_door_square
D:2:      layout_basic, grunt_temple_overflow_order_and_chaos_1, first_ration,
          uniq_jessica, uniq_natasha
D:3:      layout_loops_ring, chequers_ecumenical_altar_simple
D:4:      layout_basic, nicolae_dithmenos_shadow_blocks
D:6:      layout_gridville, temple_statues, serial_shops, kennysheep_mini_moat,
          uniq_edmund

Skill      XL: |  1  2  3  4  5 |
---------------+----------------+-----
Transmutations | 2 3 |  3.1
Spellcasting   | 3 |  3.9
Air Magic      | 1 3 |  3.2
Dodging        | |  2.4
Stealth        | |  2.6
Poison Magic   | |  3.0

Action                   |  1- 3 |  4- 6 || total
-------------------------+-------+-------++-------
Melee: Dagger            |     6 |     8 ||    14
       Unarmed           |       |    11 ||    11
 Cast: Sting             |    40 |    75 ||   115
Invok: Ancestor Identity |       |     1 ||     1
  Use: Scroll            |     2 |     7 ||     9
  Eat: Chunk             |     9 |     7 ||    16
Armor: Robe              |       |    14 ||    14
       Skin              |       |     2 ||     2
Dodge: Dodged            |    18 |    43 ||    61
